 Dungeon Crawl Stone Soup version 0.25-a0-589-g1e14c54 (webtiles) character file.

Game seed: 18292164713180498073, levelgen mode: deterministic

21016 Faels the Slicer (level 12, -11/88 HPs)
             Began as a Demonspawn Fighter on Mar 11, 2020.
             Was a High Priest of Okawaru.
             Mangled by a komodo dragon (24 damage)
             ... on level 3 of the Lair of Beasts on Mar 12, 2020.
             The game lasted 00:45:20 (17241 turns).

Faels the Slicer (Demonspawn Fighter)              Turns: 17241, Time: 00:45:21

Health: -11/88     AC: 17    Str: 20    XL:     12   Next: 50%
Magic:  14/14      EV: 14    Int: 12    God:    Okawaru [*****.]
Gold:   737        SH: 13    Dex: 18    Spells: 11/11 levels left

rFire    + + .     SeeInvis +   a - +4 rapier
rCold    + + +     Gourm    .   c - +3 kite shield
rNeg     + . .     Faith    .   B - +3 scale mail "Vayts" {rF++ rC+ Dex+2 SInv}
rPois    +         Spirit   .   m - +0 helmet
rElec    +         Reflect  .   e - +1 cloak of the Known World {rElec rPois rC+ Dex-4}
rCorr    .         Harm     .   P - +0 pair of gloves {Dex+3}
MR       .....                  (no boots)
Stlth    ..........             D - amulet of regeneration
HPRegen  0.64/turn              z - ring of positive energy
MPRegen  0.14/turn              x - ring of the Octopus King {rC+ AC+1 EV+1 Str+1 Int+1 Dex+1}

@: no status effects
A: hooves 2, rugged brown scales 1, clever 1, low mp 1, poison resistance, spiny
1, rot immunity
a: Heroism, Finesse, Renounce Religion


You were on level 3 of the Lair of Beasts.
You worshipped Okawaru.
Okawaru was extremely pleased with you.
You were hungry.

You visited 3 branches of the dungeon, and saw 16 of its levels.
You also visited: Ossuary and Bailey.

You collected 881 gold pieces.
You spent 144 gold pieces at shops.

Inventory:

Hand Weapons
 a - a +4 rapier (weapon)
 i - a +1 antimagic short sword
 j - a +1 glaive of protection
 v - a +2 scimitar of flaming
Missiles
 w - 4 boomerangs of dispersal
 I - 26 poisoned darts (quivered)
Armour
 c - a +3 kite shield (worn)
 e - the +1 cloak of the Known World (worn) {rElec rPois rC+ Dex-4}
   (You found it in a bailey)

   It affects your dexterity (-4).
   It protects you from cold.
   It insulates you from electricity.
   It protects you from poison.
 l - a scarf of cloud immunity
 m - a +0 helmet (worn)
 B - the +3 scale mail "Vayts" (worn) {rF++ rC+ Dex+2 SInv}
   (You found it on level 5 of the Dungeon)

   It affects your dexterity (+2).
   It greatly protects you from fire.
   It protects you from cold.
   It lets you see invisible.
 E - a +4 plate armour
 P - a +0 pair of gloves of dexterity (worn)
Jewellery
 k - a cursed -3 ring of strength
 q - an uncursed ring of magical power
 x - a ring of the Octopus King (right hand) {rC+ AC+1 EV+1 Str+1 Int+1 Dex+1}
   (You found it on level 9 of the Dungeon)

   [ring of protection from cold]

   It affects your AC (+1).
   It affects your evasion (+1).
   It affects your strength (+1).
   It affects your intelligence (+1).
   It affects your dexterity (+1).
   It protects you from cold.
 z - a ring of positive energy (left hand)
 D - an amulet of regeneration (around neck)
 H - an uncursed ring of protection from fire
 K - a +6 ring of protection
Wands
 n - a wand of random effects (37)
 o - a wand of flame (8)
 u - a wand of acid (6)
 C - a wand of digging (5)
 N - a wand of polymorph (9)
 R - a wand of iceblast (6)
Scrolls
 h - 10 scrolls of remove curse
 p - a scroll of random uselessness
 y - 4 scrolls of immolation
 L - 6 scrolls of teleportation
 M - 3 scrolls of summoning
 O - a scroll of blinking
Potions
 d - 4 potions of cancellation
 g - 6 potions of degeneration
 s - a potion of invisibility {unknown}
 t - 4 potions of curing
 A - 2 potions of stabbing
 F - a potion of lignification
 G - 2 potions of heal wounds
 J - 2 potions of brilliance
Miscellaneous
 Q - a lamp of fire
Comestibles
 f - 26 rations


   Skills:
 + Level 5.4 Fighting
 - Level 14.5 Short Blades
 - Level 2.3 Throwing
 + Level 4.9 Armour
 + Level 8.4 Dodging
 + Level 5.0 Shields
 + Level 5.7 Invocations


You had 11 spell levels left.
You didn't know any spells.
Your spell library contained the following spells:

 Spells                   Type           Power        Failure   Level  Hunger
 Animate Skeleton         Necr           N/A          97%         1    ##.....
 Apportation              Tloc           #.....       97%         1    ##.....
 Beastly Appendage        Tmut           #.....       97%         1    ##.....
 Corona                   Hex            #......      97%         1    ##.....
 Shock                    Conj/Air       #...         97%         1    ##.....
 Summon Small Mammal      Summ           #...         97%         1    ##.....
 Sticks to Snakes         Tmut           #.......     99%         2    ###....
 Swiftness                Chrm/Air       #.......     99%         2    ###....
 Spider Form              Tmut/Pois      #.........   100%        3    ####...
 Static Discharge         Conj/Air       #.......     100%        3    ####...
 Airstrike                Air            #.........   100%        4    #####..
 Ice Form                 Ice/Tmut       #.......     100%        4    #####..
 Blade Hands              Tmut           #.........   100%        5    ######.
 Lightning Bolt           Conj/Air       #.........   100%        5    ######.


Dungeon Overview and Level Annotations

Branches:
Dungeon (11/15)            Temple (1/1) D:5            Lair (4/6) D:8
  Swamp (0/4) Lair:3          Orc (0/2) D:10        Ossuary (visited)
 Bailey (visited)
  Snake: Lair:2-4    Spider: Lair:2-4

Altars:
Ashenzari
Cheibriados
Dithmenos
Elyvilon
Fedhas
Gozag
Hepliaklqana
Kikubaaqudgha
Makhleb
Nemelex Xobeh
Okawaru
Qazlal
Ru
Sif Muna
Trog
Uskayaw
Vehumet
Wu Jian
Xom
Yredelemnul
Zin
The Shining One

Shops:
D:5 (   D:10 [

Annotations:
D:5 1 runed translucent door


Innate Abilities, Weirdness & Mutations

You have hoof-like feet.
You are partially covered in rugged brown scales. (AC +1, +3% HP)
You are partially covered in sharp spines.
You are immune to rotting.
Your mind is acute. (Int +2)
Your magical capacity is low. (-10% MP)
Your system is resistant to poisons. (rPois)


Message History

Okawaru grants you armour!
You closely miss the komodo dragon.
The komodo dragon is lightly wounded.
The komodo dragon bites you!!
You hit the komodo dragon. You kick the komodo dragon.
The komodo dragon is moderately wounded.
You hit the komodo dragon but do no damage.
You kick the komodo dragon.
The komodo dragon is moderately wounded.
The komodo dragon bites you!!
* * * LOW HITPOINT WARNING * * *
Your shield and scale mail "Vayts" prevent you from hitting the komodo dragon.
You kick the komodo dragon.
The komodo dragon is moderately wounded.
You hit the komodo dragon but do no damage.
You kick the komodo dragon, but do no damage.
The komodo dragon is moderately wounded.
The komodo dragon is struck by your spines.
The komodo dragon bites you!!
You die...

......####.........##
.###.....'.........#
.######.##.........#
#.# ######.#+..###
### ##...## #..(.# ##
########.#.###
.#####.##..####'#l#
.....P..........@##
...#.............#
...'.#...........###
...##..............#
....##...........###
.####(...........# .#
##...........# ##
#.#'##..##.##
###.P#######


You could see a komodo dragon.

Vanquished Creatures
  3 hydras
  Erica (D:10)
  An orc high priest (Bailey)
  The ghost of LitLit the Insei, a novice DsTm of Ru (D:7)
  An orc sorcerer (Bailey)
  The ghost of thesequoiad the Magician, a novice OpWz of Sif Muna (D:5)
  An elephant (D:8)
  A black mamba (Lair:3)
  3 spiny frogs
  2 komodo dragons
  2 polar bears
  A hornet (D:7)
  Prince Ribbit (D:7)
  4 blink frogs (Lair:4)
  3 dream sheep
  5 hippogriffs
  Sigmund (D:3)
  A spriggan (D:8)
  2 wyverns
  3 basilisks
  11 yaks
  2 hungry ghosts (D:8)
  A soldier ant (D:10)
  2 swamp worms (Lair:3)
  7 water moccasins
  8 porcupines
  11 orc warriors
  4 phantoms
  2 sky beasts (D:10)
  An ice beast (D:8)
  An eye of draining (D:9)
  2 ogres
  9 wolves
  4 centaurs
  3 crocodiles
  12 bullfrogs
  2 water moccasin zombies (Ossuary)
  7 scorpions
  A water moccasin skeleton (D:6)
  A vampire bat (D:3)
  A killer bee (D:8)
  A wight (D:8)
  8 howler monkeys
  An electric eel (Bailey)
  3 crimson imps
  A lava snake (D:10)
  2 centaur skeletons
  3 jellies
  7 orc priests
  4 hounds
  Crazy Yiuf (D:5)
  13 orc wizards
  2 iguanas (D:8)
  2 hell rats (Lair:1)
  5 worker ants
  A killer bee zombie (D:7)
  2 big kobold zombies (Ossuary)
  A hound zombie (D:7)
  4 hound skeletons
  A howler monkey zombie (D:6)
  2 mummies (Ossuary)
  Robin (D:2)
  4 gnolls (Bailey)
  12 adders
  7 river rats
  6 shadow imps
  An ooze (D:4)
  2 adder skeletons
  2 adder zombies
  3 worms
  4 dart slugs
  3 fire bats (D:3)
  3 leopard geckos
  48 orcs
  2 spectral bats (D:3)
  16 bats
  3 bat skeletons (D:3)
  A bat zombie (D:3)
  4 giant cockroaches
  4 gnoll zombies (Ossuary)
  23 goblins
  13 hobgoblins
  7 jackals
  6 quokkas
  2 ball pythons
  A bat simulacrum (D:3)
  4 frilled lizards
  A goblin zombie (D:4)
  6 hobgoblin zombies (Ossuary)
  A jackal skeleton (D:4)
  A jackal zombie (D:7)
  7 kobolds
  8 kobold zombies (Ossuary)
  A leopard gecko skeleton (D:5)
  6 orc zombies (Ossuary)
  3 quokka skeletons
  12 rats
  A rat zombie (D:4)
  A fungus (Lair:4)
424 creatures vanquished.

Vanquished Creatures (collateral kills)
  A porcupine (Lair:2)
  A fungus (Lair:2)
2 creatures vanquished.

Vanquished Creatures (others)
  2 fungi (Lair:3)
  2 withered plants (D:7)
4 creatures vanquished.

Grand Total: 430 creatures vanquished

Notes
Turn   | Place    | Note
-------+----------+-------------------------------------------
     0 | D:1      | Faels the Demonspawn Fighter began the quest for the Orb.
     0 | D:1      | Reached XP level 1. HP: 18/18 MP: 1/1
    54 | D:1      | Reached skill level 2 in Short Blades
   219 | D:1      | Gained mutation: You are partially covered in rugged brown
                  | scales. (AC +1, +3% HP) [demonic ancestry]
   219 | D:1      | Reached XP level 2. HP: 17/24 MP: 2/2
   530 | D:1      | Reached skill level 1 in Dodging
   649 | D:1      | Reached XP level 3. HP: 29/29 MP: 3/3
   830 | D:2      | Reached skill level 3 in Short Blades
  1253 | D:2      | Reached XP level 4. HP: 36/36 MP: 4/4
  1652 | D:2      | Found an iron altar of Okawaru.
  1668 | D:2      | Became a worshipper of Warmaster Okawaru
  1751 | D:3      | Noticed Robin
  1774 | D:2      | Killed Robin
  1950 | D:3      | Noticed Sigmund
  1960 | D:3      | Killed Sigmund
  1960 | D:3      | Reached * piety under Okawaru
  1960 | D:3      | Reached skill level 4 in Short Blades
  1960 | D:3      | Reached XP level 5. HP: 42/42 MP: 5/5
  1960 | D:3      | Gained mutation: You have large cloven feet. [demonic
                  | ancestry]
  1960 | D:3      | Reached XP level 6. HP: 48/48 MP: 6/6
  2075 | D:3      | Reached skill level 5 in Short Blades
  2689 | D:3      | Reached ** piety under Okawaru
  2991 | D:3      | Reached XP level 7. HP: 53/53 MP: 7/7
  3239 | D:3      | Reached skill level 6 in Short Blades
  3562 | D:3      | Found a faded altar of an unknown god.
  3698 | D:4      | Found a sand-covered staircase.
  3712 | Ossuary  | Entered an ossuary
  4464 | D:4      | Gained mutation: Your mind is acute. (Int +2) [potion of
                  | mutation]
  4464 | D:4      | Gained mutation: Your system is resistant to poisons.
                  | (rPois) [potion of mutation]
  4690 | D:5      | Entered Level 5 of the Dungeon
  4690 | D:5      | Found a runed translucent door.
  4690 | D:5      | Found Zuothroll's Weapon Emporium.
  4693 | D:5      | Noticed thesequoiad's ghost (novice OpWz)
  4738 | D:5      | Got a warped scale mail
  4739 | D:5      | Identified the +3 scale mail "Vayts" {rF++ rC+ Dex+2 SInv}
                  | (You found it on level 5 of the Dungeon)
  4806 | D:5      | Reached skill level 7 in Short Blades
  4831 | D:5      | Gained mutation: You are immune to rotting. [demonic
                  | ancestry]
  4831 | D:5      | Reached XP level 8. HP: 34/59 MP: 8/8
  5048 | D:5      | Found a staircase to the Ecumenical Temple.
  5081 | Temple   | Entered the Ecumenical Temple
  5244 | D:5      | Found a runed translucent door.
  5364 | D:5      | Found an ancient bone altar of Kikubaaqudgha.
  5436 | D:5      | Found a runed translucent door.
  5437 | D:5      | Noticed Crazy Yiuf
  5462 | D:5      | Killed Crazy Yiuf
  5602 | D:5      | Found a shimmering blue altar of Sif Muna.
  5727 | D:5      | Killed thesequoiad's ghost
  5727 | D:5      | Reached skill level 8 in Short Blades
  5727 | D:5      | Reached skill level 5 in Dodging
  5893 | D:6      | Found a sparkling altar of Nemelex Xobeh.
  6127 | D:6      | Reached *** piety under Okawaru
  6352 | D:6      | Reached skill level 9 in Short Blades
  6352 | D:6      | Gained mutation: You have hoof-like feet. [demonic
                  | ancestry]
  6352 | D:6      | Reached XP level 9. HP: 64/64 MP: 9/9
  6765 | D:6      | Found a sacrificial altar of Ru.
  7105 | D:7      | Noticed Prince Ribbit
  7122 | D:7      | Killed Prince Ribbit
  7122 | D:7      | Reached skill level 10 in Short Blades
  7333 | D:7      | Found a runed translucent door.
  7347 | D:7      | Noticed LitLit's ghost (novice DsTm)
  7386 | D:7      | Killed LitLit's ghost
  7386 | D:7      | Reached skill level 1 in Throwing
  7545 | D:7      | Found a shadowy altar of Dithmenos.
  7598 | D:7      | Reached **** piety under Okawaru
  7754 | D:7      | Reached skill level 11 in Short Blades
  7754 | D:7      | Reached XP level 10. HP: 65/72 MP: 10/10
  8967 | D:8      | Found a staircase to the Lair.
  8967 | D:8      | Noticed an elephant
  9060 | D:8      | Killed an elephant
  9394 | D:8      | Reached skill level 12 in Short Blades
  9901 | D:8      | You fall into a shaft and drop 3 floors!
  9930 | D:10     | Entered Level 10 of the Dungeon
  9973 | D:10     | Reached ***** piety under Okawaru
 10308 | D:10     | Found a flagged portal.
 10317 | Bailey   | Entered a bailey
 10382 | Bailey   | Found an iron altar of Okawaru.
 10382 | Bailey   | Noticed an orc high priest
 10382 | Bailey   | Noticed an orc sorcerer
 10397 | Bailey   | Noticed a sun demon
 10404 | Bailey   | Gained mutation: Your magical capacity is low. (-10% MP) [a
                  | neqoxec]
 10416 | Bailey   | Killed an orc high priest
 10416 | Bailey   | Reached skill level 13 in Short Blades
 10424 | Bailey   | Killed an orc sorcerer
 10424 | Bailey   | Gained mutation: You are partially covered in sharp spines.
                  | [demonic ancestry]
 10424 | Bailey   | Reached XP level 11. HP: 38/77 MP: 9/9
 11100 | Bailey   | Got a steaming cloak
 11111 | Bailey   | Identified the +1 cloak of the Known World {rElec rPois rC+
                  | Dex-4} (You found it in a bailey)
 11300 | D:10     | Received a gift from Okawaru
 11488 | D:10     | Found a staircase to the Orcish Mines.
 11518 | D:10     | Found Hestrion's Antique Armour Shoppe.
 11523 | D:10     | Bought an embroidered scarf for 144 gold pieces
 11688 | D:10     | Noticed Erica
 11713 | D:10     | Killed Erica
 12159 | D:9      | Found the ring of the Octopus King
 12168 | D:9      | Got a ring of the Octopus King
 12169 | D:9      | Identified a ring of the Octopus King {rC+ AC+1 EV+1 Str+1
                  | Int+1 Dex+1} (You found it on level 9 of the Dungeon)
 12204 | D:9      | Reached skill level 14 in Short Blades
 13548 | Lair:1   | Entered Level 1 of the Lair of Beasts
 13561 | Lair:1   | Reached skill level 1 in Invocations
 14121 | Lair:1   | Received a gift from Okawaru
 14568 | Lair:1   | Noticed a five-headed hydra
 14582 | Lair:1   | Killed a five-headed hydra
 15092 | Lair:2   | Reached XP level 12. HP: 77/85 MP: 13/13
 15902 | Lair:3   | Found a staircase to the Swamp.
 16780 | Lair:4   | Reached skill level 5 in Fighting
 16780 | Lair:4   | Reached skill level 5 in Invocations
 16891 | Lair:4   | Noticed a four-headed hydra
 16900 | Lair:4   | Killed a one-headed hydra
 17043 | Lair:4   | Noticed an eight-headed hydra
 17175 | Lair:3   | Killed an eight-headed hydra
 17232 | Lair:4   | Reached skill level 5 in Shields
 17236 | Lair:3   | Received a gift from Okawaru
 17241 | Lair:3   | Mangled by a komodo dragon

Levels and vault maps discovered:
D:1:      nicolae_arrival_washed_ashore, layout_loops_ring
D:2:      layout_loops_ring, okawaru_metal_pillars_1_2
D:3:      layout_basic, chequers_ecumenical_altar_grove, goddamned_bats,
          uniq_sigmund, uniq_robin
D:4:      layout_cave_pools, enter_ossuary_4, first_ration
D:5:      layout_cave_pools, led_sif_pool, lemuel_zombie_altar_kikubaaqudgha,
          minmay_temple_entry_glass, serial_shops, nicolae_shop_statue_plus,
          ebering_ghost_sewer_f, uniq_crazy_yiuf_cottage
D:6:      minmay_evil_eye, layout_loops_ring, overflow_temple_1_default,
          nicolae_overflow_hidden_temple
D:7:      layout_cave_pools, kennysheep_mini, gammafunk_ghost_grave,
          uniq_prince_ribbit1
D:8:      layout_basic, david_lair_generic, grunt_pizzeria,
          kennysheep_kite_vault
D:9:      layout_roguey
D:10:     layout_irregular_city, orc_0_dummy, serial_shops, shop,
          enter_bailey_6, nicolae_twisting_strands, grunt_decor_resistance,
          kennysheep_doodads, skrybe_limestone_x, minmay_diced_spiral,
          uniq_erica
D:11:     minmay_polygon_palace, layout_small_grid, hangedman_decor_push
Temple:   eino_temple_rhombus
Lair:1:   layout_chaotic_city, chequers_serial_rivers_small_a,
          kennysheep_rathole
Lair:2:   layout_loops_ring
Lair:3:   layout_roguey, minmay_swamp_entry_worms
Lair:4:   layout_cave_pods, spider_nest_entry_web_field

Skill      XL: |  1  2  3  4  5  6  7  8  9 10 11 12 |
---------------+-------------------------------------+-----
Short Blades   | 2 3 4 5 7 9 11 13 14 | 14.5
Dodging        | 1 2 3 4 6 7 8 |  8.4
Throwing       | 2 |  2.3
Invocations    | 3 5 |  5.7
Armour         | 3 4 |  4.9
Shields        | 3 5 |  5.0
Fighting       | 4 5 |  5.4

Action                   |  1- 3 |  4- 6 |  7- 9 | 10-12 || total
-------------------------+-------+-------+-------+-------++-------
Melee: Rapier            |   120 |   229 |   629 |  1030 ||  2008
       Kick              |       |    41 |   241 |   249 ||   531
       Scimitar          |       |       |       |     5 ||     5
Throw: Dart              |       |       |     3 |    14 ||    17
       Boomerang         |       |       |     2 |       ||     2
Invok: Heroism           |       |       |     7 |     9 ||    16
       Finesse           |       |       |       |     2 ||     2
Evoke: Wand              |       |       |       |     2 ||     2
  Use: Scroll            |     1 |     3 |     9 |    27 ||    40
       Potion            |       |     1 |     6 |     6 ||    13
  Eat: Chunk             |     1 |     6 |     9 |    27 ||    43
       Ration            |       |       |     2 |     2 ||     4
Armor: Scale mail        |    55 |   134 |   225 |   280 ||   694
       Skin              |       |       |       |     6 ||     6
Dodge: Dodged            |    38 |   102 |   192 |   263 ||   595
Block: Kite shield       |    49 |   151 |   247 |   392 ||   839

Table legend:
 A = Non-vault XP
 B = Vault XP
 C = Vault XP percentage of total XP
 D = Non-vault monster count
 E = Vault monster count
 F = Vault count percentage of total count
                 A         B        C        D         E       F
            +---------+---------+-------+---------+---------+-------
      Total |   22045 |    7978 |  26.6 |     282 |     142 |  33.5
            +---------+---------+-------+---------+---------+-------
        D:1 |      45 |       0 |   0.0 |      26 |       0 |   0.0
        D:2 |      88 |      15 |  14.6 |      20 |       1 |   4.8
        D:3 |     290 |     420 |  59.2 |      31 |      31 |  50.0
        D:4 |     132 |       2 |   1.5 |       9 |       2 |  18.2
        D:5 |     342 |     576 |  62.7 |      12 |       7 |  36.8
        D:6 |    1271 |      17 |   1.3 |      26 |       1 |   3.7
        D:7 |    1575 |     860 |  35.3 |      31 |       2 |   6.1
        D:8 |    1440 |    2106 |  59.4 |      32 |      20 |  38.5
        D:9 |    1730 |       0 |   0.0 |      14 |       0 |   0.0
       D:10 |    2285 |    1134 |  33.2 |      25 |       4 |  13.8
       D:11 |      40 |       0 |   0.0 |       1 |       0 |   0.0
     Lair:1 |    4287 |     148 |   3.3 |      17 |       9 |  34.6
     Lair:2 |    1820 |       0 |   0.0 |      13 |       0 |   0.0
     Lair:3 |    3623 |     315 |   8.0 |      16 |       2 |  11.1
     Lair:4 |    3077 |       0 |   0.0 |       9 |       0 |   0.0
    Ossuary |       0 |     283 | 100.0 |       0 |      31 | 100.0
     Bailey |       0 |    2102 | 100.0 |       0 |      32 | 100.0
            +---------+---------+-------+---------+---------+-------
